 Dungeon Crawl Stone Soup version 0.26.1-11-gd32895ea62 (webtiles) character file.

Game seed: 3762797435073064543

332 Almogavar the Gusty (level 6, -1/44 HPs)
             Began as a Gnoll Wanderer on July 12, 2021.
             Killed by divine providence
             ... invoked by an orc priest
              (10 damage)
             ... on level 4 of the Dungeon.
             The game lasted 00:10:00 (3468 turns).

Almogavar the Gusty (Gnoll Wanderer)                Turns: 3468, Time: 00:10:01

Health: -1/44      AC:  2    Str: 12    XL:     6   Next: 52%
Magic:  5/14       EV: 12    Int: 18    God:
Gold:   138        SH:  0    Dex: 15    Spells: 12/15 levels left

rFire    . . .     SeeInvis .   j - +0 war axe (freeze)
rCold    + . .     Faith    .   (no shield)
rNeg     . . .     Spirit   .   d - +0 robe
rPois    .         Reflect  .   (no helmet)
rElec    .         Harm     .   (no cloak)
rCorr    .         Rampage  .   (no gloves)
Will     .....                  (no boots)
Stlth    ++........             (no amulet)
HPRegen  0.14/turn              i - ring of protection from cold
MPRegen  0.14/turn              (no ring)

@: very slightly contaminated
A: distributed training, fangs 1, strong nose
a: no special abilities


You were on level 4 of the Dungeon.
You visited 1 branch of the dungeon, and saw 4 of its levels.

You collected 138 gold pieces.

Inventory:

Hand Weapons
 j - a +0 war axe of freezing (weapon)
Armour
 d - a +0 robe (worn)
 e - a +0 leather armour
 l - a +1 leather armour of fire resistance
 m - a +0 buckler
Jewellery
 i - a ring of protection from cold (left hand)
Scrolls
 a - a scroll of teleportation {unknown}
 b - 2 scrolls of immolation {unknown}
 c - 3 scrolls of identify {unknown}
 g - a scroll of magic mapping {unknown}
 h - 2 scrolls of random uselessness {unknown}
 n - a scroll of remove curse {unknown}
Potions
 f - a potion of flight {unknown}
 k - 2 potions of curing {unknown}
 o - a potion of might {unknown}
 p - a potion of lignification {unknown}
 q - a potion of mutation {unknown}


   Skills:
 + Level 2.0 Fighting
 + Level 2.0 Short Blades
 + Level 2.0 Long Blades
 + Level 2.0 Axes
 + Level 2.0 Maces & Flails
 + Level 2.0 Polearms
 + Level 2.0 Staves
 + Level 2.0 Slings
 + Level 2.0 Bows
 + Level 2.0 Crossbows
 + Level 2.0 Throwing
 + Level 2.0 Armour
 + Level 2.0 Dodging
 + Level 3.1 Stealth
 + Level 2.0 Shields
 + Level 2.0 Unarmed Combat
 + Level 5.4 Spellcasting
 + Level 2.6 Conjurations
 + Level 1.5 Hexes
 + Level 1.5 Summonings
 + Level 2.6 Necromancy
 + Level 1.5 Translocations
 + Level 1.5 Transmutations
 + Level 1.5 Fire Magic
 + Level 1.5 Ice Magic
 + Level 7.3 Air Magic
 + Level 1.5 Earth Magic
 + Level 1.5 Poison Magic
 + Level 2.2 Invocations
 + Level 3.2 Evocations


You had 12 spell levels left.
You knew the following spells:

 Your Spells              Type           Power        Failure   Level
a - Shock                 Conj/Air       88%          1%          1
b - Swiftness             Air            31%          1%          2

Your spell library contained the following spells:

 Spells                   Type           Power        Failure   Level
 Magic Dart               Conj           56%          4%          1
 Static Discharge         Conj/Air       22%          4%          3
 Foxfire                  Conj/Fire      48%          5%          1
 Airstrike                Air            15%          6%          4
 Mephitic Cloud           Conj/Pois/Air  18%          8%          3
 Stone Arrow              Conj/Erth      24%          16%         3
 Lightning Bolt           Conj/Air       11%          41%         5


Dungeon Overview and Level Annotations

Branches:
Dungeon (4/15)
 Temple: D:4-7

Altars:
Dithmenos
Uskayaw


Innate Abilities, Weirdness & Mutations

Your experience applies equally to all skills.
You have very sharp teeth.
Your uncanny sense of smell can sniff out nearby items.


Message History

You are very lightly contaminated with residual magic.
Nothing appears to happen.
The orc priest looks satisfied for a moment.
You barely miss the hound.
The hound is moderately wounded.
The hound barely misses you. The hound bites you.
You barely miss the hound.
The hound is moderately wounded.
The hound bites you.
An orc comes into view. It is wielding a +0 mace.
The hound bites you.
* * * LOW HITPOINT WARNING * * *
The orc shouts!
You slash the hound! You freeze the hound.
The hound is almost dead.
The hound bites you.
* * * LOW HITPOINT WARNING * * *
The orc priest mumbles some strange prayers to Beogh against you.
Beogh smites you!
You die...

## ... ######### #..
#.......# . .. #.#####.#
....#.########.#####.###
#.ooh@.......##.......
...)#.###########.#####.
. # #.# #. #.# #. #.# #.
#.#####. #.......
#......# #.##.#.#


You could see a hound, an orc priest and an orc.

Vanquished Creatures
  An ogre (D:3)
  2 orc priests
  A centaur skeleton (D:4)
  8 adders
  3 worms
  2 dart slugs
  2 leopard geckos (D:3)
  4 orcs
  2 ball pythons
  5 bats
  5 giant cockroaches
  8 goblins
  5 hobgoblins
  14 jackals
  A quokka (D:3)
  4 frilled lizards
  6 kobolds
  5 rats
78 creatures vanquished.

Vanquished Creatures (others)
  2 plants (D:1)
2 creatures vanquished.

Grand Total: 80 creatures vanquished

Notes
Turn   | Place    | Note
-------+----------+-------------------------------------------
     0 | D:1      | Almogavar the Gnoll Wanderer began the quest for the Orb.
     0 | D:1      | Almogavar set off with the following items: a +0 dagger, a
                  | +0 robe; and the following spells available to memorise:
                  | Swiftness, Shock, Magic Dart, Static Discharge, Airstrike,
                  | Foxfire, Mephitic Cloud, Stone Arrow, Lightning Bolt
     0 | D:1      | Reached XP level 1. HP: 13/13 MP: 6/6
     2 | D:1      | Learned a level 1 spell: Shock
   160 | D:1      | Reached XP level 2. HP: 19/19 MP: 4/7
   584 | D:1      | Reached XP level 3. HP: 25/25 MP: 6/9
   952 | D:2      | Reached skill level 5 in Spellcasting
  1282 | D:2      | Reached skill level 1 in Invocations
  1582 | D:2      | Reached skill level 1 in Fighting
  1582 | D:2      | Reached skill level 1 in Short Blades
  1582 | D:2      | Reached skill level 1 in Long Blades
  1582 | D:2      | Reached skill level 1 in Axes
  1582 | D:2      | Reached skill level 1 in Maces & Flails
  1582 | D:2      | Reached skill level 1 in Polearms
  1582 | D:2      | Reached skill level 1 in Staves
  1582 | D:2      | Reached skill level 1 in Slings
  1582 | D:2      | Reached skill level 1 in Bows
  1582 | D:2      | Reached skill level 1 in Crossbows
  1582 | D:2      | Reached skill level 1 in Throwing
  1582 | D:2      | Reached skill level 1 in Armour
  1582 | D:2      | Reached skill level 1 in Dodging
  1582 | D:2      | Reached skill level 1 in Shields
  1582 | D:2      | Reached skill level 1 in Unarmed Combat
  1763 | D:3      | Reached XP level 4. HP: 32/32 MP: 2/11
  2008 | D:3      | Reached skill level 1 in Hexes
  2008 | D:3      | Reached skill level 1 in Summonings
  2008 | D:3      | Reached skill level 1 in Translocations
  2008 | D:3      | Reached skill level 1 in Transmutations
  2008 | D:3      | Reached skill level 1 in Fire Magic
  2008 | D:3      | Reached skill level 1 in Ice Magic
  2008 | D:3      | Reached skill level 1 in Earth Magic
  2008 | D:3      | Reached skill level 1 in Poison Magic
  2219 | D:3      | Reached XP level 5. HP: 37/37 MP: 7/12
  2428 | D:3      | Learned a level 2 spell: Swiftness
  2506 | D:3      | Noticed an ogre
  2514 | D:3      | Killed an ogre
  2515 | D:3      | Reached XP level 6. HP: 31/44 MP: 4/13
  2614 | D:3      | Found a shadowy altar of Dithmenos.
  3353 | D:4      | Found a hide-covered altar of Uskayaw.
  3468 | D:4      | Killed from afar by an orc priest

Illustrated notes

Levels and vault maps discovered:
D:1:      minmay_arrival_jagged, layout_basic, serial_forest,
          infiniplex_forest_lined_corner, infiniplex_forest_clump_curved,
          infiniplex_forest_clump_double, infiniplex_forest_clump_diagonal,
          infiniplex_forest_clump_large, infiniplex_forest_clump_tiny,
          infiniplex_forest_lined_3
D:2:      layout_rooms, mrwooster_statue_mirror, kennysheep_flooded_box
D:3:      layout_loops_ring, grunt_dithmenos_smoke, st_stairs_11
D:4:      layout_loops_cross, eat_drink_and_be_merry_uskayaw

Skill      XL: |  1  2  3  4  5  6 |
---------------+-------------------+-----
Conjurations   | 2 |  2.6
Necromancy     | 2 |  2.6
Spellcasting   | 5 |  5.4
Invocations    | 1 2 |  2.2
Fighting       | 1 2 |  2.0
Short Blades   | 1 2 |  2.0
Long Blades    | 1 2 |  2.0
Axes           | 1 2 |  2.0
Maces & Flails | 1 2 |  2.0
Polearms       | 1 2 |  2.0
Staves         | 1 2 |  2.0
Slings         | 1 2 |  2.0
Bows           | 1 2 |  2.0
Crossbows      | 1 2 |  2.0
Throwing       | 1 2 |  2.0
Armour         | 1 2 |  2.0
Dodging        | 1 2 |  2.0
Shields        | 1 2 |  2.0
Unarmed Combat | 1 2 |  2.0
Hexes          | 1 |  1.5
Summonings     | 1 |  1.5
Translocations | 1 |  1.5
Transmutations | 1 |  1.5
Fire Magic     | 1 |  1.5
Ice Magic      | 1 |  1.5
Earth Magic    | 1 |  1.5
Poison Magic   | 1 |  1.5
Evocations     | 3 |  3.2
Stealth        | 3 |  3.1
Air Magic      | |  7.3

Action                   |  1- 3 |  4- 6 || total
-------------------------+-------+-------++-------
Melee: War axe           |       |     6 ||     6
       Bite              |       |     1 ||     1
 Cast: Shock             |    78 |    96 ||   174
       Swiftness         |       |     1 ||     1
Armor: Robe              |     2 |     3 ||     5
Dodge: Dodged            |     5 |    22 ||    27
